 Dungeon Crawl Stone Soup version 0.13-a0-1502-g99810c3 (webtiles) character file.

72 Kae the Vexing (level 3, -3/16 HPs)
             Began as a Spriggan Enchanter on June 9, 2013.
             Slain by a worm (8 damage)
             ... on Level 2 of the Dungeon.
             The game lasted 00:01:26 (1879 turns).

Kae the Vexing (Spriggan Enchanter)                 Turns: 1879, Time: 00:01:26

HP  -3/16        AC  3     Str  5      XL: 3   Next: 19%
MP   7/9         EV 18     Int 16      God:
Gold 36          SH  0     Dex 16      Spells:  2 memorised,  3 levels left

Res.Fire  : . . .   See Invis. : +   a - +1 dagger {=f}
Res.Cold  : . . .   Warding    : .   b - +1 robe
Life Prot.: . . .   Conserve   : .   (shield restricted)
Res.Poison: .       Res.Corr.  : .   (helmet restricted)
Res.Elec. : .       Clarity    : .   (no cloak)
Sust.Abil.: . .     Spirit.Shd : .   (gloves unavailable)
Res.Mut.  : .       Stasis     : .   (boots unavailable)
Res.Rott. : .       Flight     : .   (no amulet)
Saprovore : . . .                    (no ring)
                                     (no ring)

@: very quick, slightly resistant to hostile enchantments, stealthy
A: unfitting armour, see invisible, herbivore 3, speed 3, slow metabolism 2
a: no special abilities


You were on level 2 of the Dungeon.
You were not hungry.

You visited 1 branch of the dungeon, and saw 2 of its levels.

You collected 16 gold pieces.

Inventory:

Hand weapons
 a - a +1,+1 dagger (weapon) {=f}
Missiles
 d - 12 darts (quivered)
Armour
 b - a +1 robe (worn)
Comestibles
 i - a choko
 n - a bread ration
Scrolls
 g - a scroll of magic mapping {unknown}
 h - 3 scrolls of noise {unknown}
 j - a scroll of remove curse {unknown}
 k - 2 scrolls of identify {unknown}
 l - 6 scrolls of teleportation {unknown}
 m - 2 scrolls of fog {unknown}
Potions
 e - a potion of porridge
 f - 4 potions of curing {unknown}
 o - a potion of confusion {unknown}
 p - a potion of agility {unknown}
Books
 c - a book of Maledictions

   Spells                             Type                      Level
   *Corona                            Hexes                        1
   Sure Blade                         Hexes/Charms                 2
   *Ensorcelled Hibernation           Hexes/Ice                    2
   Confuse                            Hexes                        3
   Enslavement                        Hexes                        4
   Invisibility                       Hexes                        6


   Skills:
 * Level 2.1 Short Blades
 - Level 1.1 Throwing
 - Level 3.0 Dodging
 + Level 3.4 Stealth
 + Level 2.2 Spellcasting
 + Level 4.1 Hexes


You had 3 spell levels left.
You knew the following spells:

 Your Spells              Type           Power        Failure   Level  Hunger
a - Corona                Hex            ###....      4%          1    #......
b - Ensorcelled Hibernat  Hex/Ice        #.....       14%         2    ##.....


Dungeon Overview and Level Annotations

Branches:
Dungeon (2/27)

Altars:


Innate Abilities, Weirdness & Mutations

You are tiny and cannot use many weapons and most armour.
You have supernaturally acute eyesight.
You are a herbivore.
You cover ground extremely quickly.
You need consume almost no food.


Message History

The worm is heavily wounded.
The worm closely misses you.
You barely miss the worm.
The worm is heavily wounded.
You hit the worm.
The worm is severely wounded.
The worm barely misses you.
You hit the worm but do no damage.
The worm is severely wounded.
You hit the worm.
The worm is severely wounded.
The worm bites you!
Ouch! That really hurt!
You barely miss the worm.
The worm is severely wounded.
You hit the worm but do no damage.
The worm is severely wounded.
The worm bites you!
Ouch! That really hurt!
You die...

########## .........#
.........# #######
.........# #.....#
.........######.....#
....................#
..#############.....#
..# #.@...# ..#
#..w..#
.##############.....#
.............##[....#
#.#######....##.#####
..)................
#.#.#####....##..
#.#.# ####.#.##..
#.#.# #......# .


You could see a worm.

Vanquished Creatures
  2 adders (D:2)
  6 bats
  5 goblins
  A hobgoblin (D:1)
  2 giant newts
  A kobold (D:2)
  4 rats
21 creatures vanquished.

Notes
Turn   | Place    | Note
--------------------------------------------------------------
     0 | D:1      | Kae, the Spriggan Enchanter, began the quest for the Orb.
     0 | D:1      | Reached XP level 1. HP: 9/9 MP: 4/4
   517 | D:1      | Reached XP level 2. HP: 11/13 MP: 6/6
  1178 | D:2      | Reached skill level 4 in Hexes
  1239 | D:2      | Learned a level 2 spell: Ensorcelled Hibernation
  1485 | D:2      | Reached XP level 3. HP: 13/16 MP: 1/9
  1879 | D:2      | Slain by a worm

Action                   || total
-------------------------++-------
Melee: Dagger            ||    77
 Cast: Ensorcelled Hiber ||     4
 Stab: Sleeping          ||     5
